 Seeded DCSS version 0.32-a0-928-g1cae6b7ea0 (webtiles) character file.

Game seed: 11368668497939186927 (custom seed)

2030 timneilson the Ruffian (level 9, 0/59 HPs)
             Began as an Octopode Shapeshifter on Apr 12, 2024.
             Was an Initiate of Gozag.
             Slain by a steam dragon (7 damage)
             ... on level 7 of the Dungeon.
             The game lasted 00:09:04 (5703 turns).

timneilson the Ruffian (Octopode Shapeshifter)      Turns: 5703, Time: 00:09:04

Health: 0/59       AC:  1    Str: 17    XL:     9   Next: 23%
Magic:  9/9        EV: 13    Int: 13    God:    Gozag
Gold:   471        SH:  4    Dex: 11    Spells: 8/8 levels left

rFire   . .          .
                       - Unarmed
rCold   . . .        d - +0 buckler
rNeg    . . .        (helmet currently unavailable)
rPois   .            (no amulet)
rElec   .            s - ring of resist corrosion
rCorr   +            e - ring of willpower
SInv    .            (no ring)
Will    +....        (no ring)
Stlth   ++++         (no ring)
HPRegen 0.29/turn    (no ring)
MPRegen 0.11/turn    (no ring)
                     (no ring)

%: no passive effects
@: beast-form
A: beast (slay +3), almost no armour, amphibious, 8 rings, camouflage 1,
gelatinous body 1, (nimble swimmer 1), tentacles
a: Begin Untransformation, Renounce Religion, Potion Petition, Call Merchant,
Bribe Branch


You were on level 7 of the Dungeon.
You worshipped Gozag.
Gozag was aware of your devotion.
You were a hulking beast.
You visited 2 branches of the dungeon, and saw 8 of its levels.

You collected 547 gold pieces.
You paid 76 gold pieces to Gozag.

Inventory:

Missiles
 k - 9 poisoned darts
 m - 3 curare-tipped darts (quivered)
 q - 2 throwing nets
Armour
 d - a +0 buckler (worn)
Jewellery
 e - a ring of willpower (right tentacle)
 s - a ring of resist corrosion (left tentacle)
Talismans
 b - a beast talisman (active)
 c - a flux talisman
 n - a storm talisman
Wands
 f - a wand of flame (15)
 i - a wand of paralysis (8)
Scrolls
 p - a scroll of teleportation
 r - a scroll of vulnerability {unknown}
 u - a scroll of fear {unknown}
Potions
 a - 4 potions of lignification
 g - a potion of cancellation
 h - a potion of brilliance
 j - a potion of curing
 l - a potion of invisibility
 o - a potion of attraction


   Skills:
 + Level 4.4 Fighting
 * Level 6.6 Dodging
 + Level 6.0 Stealth
 + Level 4.2 Shields
 * Level 7.0 Unarmed Combat
 + Level 4.5 Evocations
 * Level 6.6 Shapeshifting


You had 8 spell levels left.
You didn't know any spells.
Your spell library contained the following spells:

 Spells                   Type           Power      Damage    Failure   Level
 Apportation              Tloc           0%         N/A       36%         1
 Necrotise                Necr           0%         1d4       36%         1
 Sting                    Conj/Alch      0%         1d3       36%         1
 Summon Small Mammal      Summ           0%         N/A       36%         1
 Call Imp                 Summ           0%         N/A       52%         2
 Mercury Vapours          Alch/Air       0%         N/A       52%         2
 Scorch                   Fire           0%         2d5       52%         2
 Sublimation of Blood     Necr           0%         N/A       52%         2
 Hailstorm                Conj/Ice       0%         3d5       75%         3
 Summon Ice Beast         Ice/Summ       0%         N/A       75%         3
 Flame Wave               Conj/Fire      0%         2d4       98%         4
 Olgreb's Toxic Radiance  Alch           0%         N/A       98%         4
 Permafrost Eruption      Ice/Erth       0%         2x4d1     100%        6
 Sculpt Simulacrum        Ice/Alch       0%         N/A       100%        6
 Summon Cactus Giant      Summ           0%         N/A       100%        6
 Summon Hydra             Summ           0%         N/A       100%        7


Dungeon Overview and Level Annotations

Branches:
Dungeon (7/15)             Temple (1/1) D:6

Altars:
Ashenzari
Cheibriados
Dithmenos
Elyvilon
Fedhas
Gozag
Hepliaklqana
Kikubaaqudgha
Makhleb
Nemelex Xobeh
Okawaru
Qazlal
Ru
Uskayaw
Vehumet
Wu Jian
Xom
Yredelemnul
Zin
The Shining One

Shops:
D:1 :


Innate Abilities, Weirdness & Mutations

You are a hulking beast.
Your limbs bulge with bestial killing power. (Slay +3)
You cannot wear most types of armour.
You are amphibious.
You can wear up to eight rings at the same time.
Your skin changes colour to match your surroundings (Stealth+).
Your rubbery body absorbs attacks. (AC +1, EV +1)
((You are camouflaged when in or above water. (Stealth+)))
You have tentacles for arms and can constrict up to eight enemies at once.


Message History

The steam dragon is lightly wounded.
The steam dragon breathes steam at you. The ball of steam hits you!!
You hear a howl!
You hear a shout!
You closely miss the steam dragon.
The steam dragon is lightly wounded.
You are engulfed in a cloud of scalding steam.
The steam dragon misses you. x2
Unknown command.
You tentacle-slap the steam dragon but do no damage.
You squeeze the steam dragon!
The steam dragon is moderately wounded.
You are engulfed in a cloud of scalding steam.
The steam dragon breathes steam at you. The ball of steam misses you.
You hear an angry hiss.
You bludgeon the steam dragon!
You squeeze the steam dragon, but do no damage.
The steam dragon is heavily wounded.
The steam dragon breathes steam at you. The ball of steam hits you!!
* * * LOW HITPOINT WARNING * * *
Unknown command.
You feel much better.
You are engulfed in a cloud of scalding steam.
The white imp is no longer distracted by gold.
The steam dragon barely misses you. You block the steam dragon's attack.
You closely miss the steam dragon.
The steam dragon is heavily wounded.
You are engulfed in a cloud of scalding steam.
* * * LOW HITPOINT WARNING * * *
The steam dragon barely misses you. The steam dragon misses you.
Unknown command.
You tentacle-slap the steam dragon.
The steam dragon is severely wounded.
You are engulfed in a cloud of scalding steam.
* * * LOW HITPOINT WARNING * * *
The steam dragon bites you!
You die...
Your body crumbles into a pile of gold.

## ###. ####### #...
##.....## #...
#.......# #...
########.....## ##..
#...hD5##.....#####..
#..#.##h#..(....##....
#. ###......#.........
##.....#.........
##........##.#.#.
#.5..........####
#.D...##......#..
#.h.Y.$..##.###........
##hY.....###...........


You could see a steam dragon (catching breath), a howler monkey and a white imp.

Vanquished Creatures
  A hornet (D:7)
  2 water moccasins (D:6)
  A sky beast (D:7)
  A black bear (D:6)
  An ice beast (D:5)
  An ogre (D:6)
  A phantom (D:7)
  2 kobold brigands (D:7)
  2 scorpions
  A howler monkey (D:3)
  7 hounds
  A jelly (D:4)
  A gnoll bouda (D:4)
  2 sleepcaps
  Natasha (thrice) (D:4)
  5 iguanas
  An orc wizard (D:7)
  7 gnolls
  8 adders
  3 shadow imps (D:6)
  A white imp (D:5)
  4 ufetubi
  3 ribbon worms
  2 dart slugs
  18 orcs
  3 bats
  10 endoplasms
  8 giant cockroaches
  2 goblins
  7 hobgoblins
  8 jackals
  4 quokkas
  A ball python (D:2)
  A frilled lizard (D:1)
  17 kobolds
  8 rats
148 creatures vanquished.

Notes
Turn   | Place    | Note
-------+----------+-------------------------------------------
     0 | D:1      | timneilson the Octopode Shapeshifter began the quest for
                  | the Orb.
     0 | D:1      | Reached XP level 1. HP: 13/13 MP: 1/1
    37 | D:1      | Reached XP level 2. HP: 5/18 MP: 2/2
   516 | D:1      | Found Zicvejae's Book Shoppe.
   530 | D:1      | Reached XP level 3. HP: 20/23 MP: 3/3
   742 | D:2      | Reached skill level 5 in Dodging
   742 | D:2      | Reached skill level 5 in Unarmed Combat
   742 | D:2      | Reached skill level 5 in Shapeshifting
   742 | D:2      | Reached XP level 4. HP: 25/31 MP: 4/4
   933 | D:2      | Reached XP level 5. HP: 34/36 MP: 5/5
  1586 | D:3      | Found a radiant altar of Vehumet.
  1945 | D:3      | Found an ornate altar of the Wu Jian Council.
  1945 | D:3      | Found a sacrificial altar of Ru.
  2213 | D:4      | Reached XP level 6. HP: 26/42 MP: 6/6
  2418 | D:4      | Identified the +3 short sword of Piulluhuc {elec, MP+9}
  2452 | D:4      | Noticed Natasha
  2458 | D:4      | Killed Natasha
  2590 | D:4      | Reached skill level 6 in Unarmed Combat
  2648 | D:4      | Noticed Natasha
  2652 | D:4      | Killed Natasha
  2703 | D:4      | Noticed Natasha
  2708 | D:4      | Killed Natasha
  2945 | D:5      | Entered Level 5 of the Dungeon
  2955 | D:5      | Reached XP level 7. HP: 47/47 MP: 7/7
  3187 | D:5      | Reached skill level 5 in Stealth
  3435 | D:5      | Found a blossoming altar of Fedhas.
  3880 | D:6      | Reached XP level 8. HP: 32/54 MP: 8/8
  4049 | D:6      | Found a staircase to the Ecumenical Temple.
  4064 | Temple   | Entered the Ecumenical Temple
  4097 | Temple   | Became a worshipper of Gozag Ym Sagoz the Greedy
  5392 | D:7      | Noticed a hornet
  5399 | D:7      | Killed a hornet
  5400 | D:7      | Reached XP level 9. HP: 59/59 MP: 9/9
  5587 | D:7      | Found a shadowy altar of Dithmenos.
  5680 | D:7      | Found a white marble altar of Elyvilon.
  5683 | D:7      | Reached skill level 7 in Unarmed Combat
  5700 | D:7      | HP: 1/59 [steam dragon/ball of steam (20)]
  5703 | D:7      | Slain by a steam dragon

Illustrated notes

Levels and vault maps discovered:
D:1:      nzn_arrival_depleted_hourglass, layout_basic, serial_shops, shop,
          nrook_mini_backslash
D:2:      layout_basic
D:3:      layout_loops_ring, mainiacjoe_overflow_boulevard,
          gammafunk_temple_overflow_elements, mrwooster_statue_mirror,
          nicolae_elevator_lobby_plus
D:4:      layout_loops_ring, uniq_natasha
D:5:      layout_cave_pools, fedhas_altar_1
D:6:      layout_layer_cave, minmay_temple_entry_wispy
D:7:      layout_cave_pools, grunt_dithmenos_shadows, hangedman_decor_points,
          minmay_ruined_shrine
Temple:   regret_index_temple_generic_petals

Skill      XL: |  1  2  3  4  5  6  7  8  9 |
---------------+----------------------------+-----
Fighting       | 3 4 |  4.4
Dodging        | 5 6 |  6.6
Stealth        | 4 5 6 |  6.0
Shields        | 3 4 |  4.2
Unarmed Combat | 5 6 7 |  7.0
Evocations     | 3 4 |  4.5
Shapeshifting  | 5 6 |  6.6

Action                     |  1- 3 |  4- 6 |  7- 9 || total
---------------------------+-------+-------+-------++-------
  Melee: Unarmed           |    40 |   102 |   137 ||   279
         Constrict         |     9 |    29 |    36 ||    74
         Tentacles         |     6 |    19 |    39 ||    64
         Punch             |       |     2 |     8 ||    10
  Throw: Dart              |       |       |     7 ||     7
    Use: Scroll            |     1 |     8 |     6 ||    15
         Potion            |     1 |     1 |     1 ||     3
   Stab: Sleeping          |     1 |    16 |     9 ||    26
         Distracted        |     1 |       |     1 ||     2
 Armour: Skin              |    19 |    37 |    61 ||   117
  Dodge: Dodged            |    14 |    40 |    54 ||   108
  Block: Buckler           |     3 |    15 |    21 ||    39

Table legend: (Time is in decaauts)
 A = Elapsed time spent in this place.
 B = Non-inter-level travel time spent in this place.
 C = Inter-level travel time spent in this place.
 D = Time resting spent in this place.
 E = Time spent auto-exploring this place.
 F = Levels seen in this place.
 G = Mean time per level.
                   A        B        C        D        E       F      G
               +--------+--------+--------+--------+--------+-----+--------+
         Total |   5683 |   5439 |    244 |    556 |   3705 |   8 |  710.4 |
       Dungeon |   5619 |   5431 |    188 |    556 |   3705 |   7 |  802.7 |
        Temple |     64 |      8 |     56 |      0 |      0 |   1 |   64.0 |
               +--------+--------+--------+--------+--------+-----+--------+

Top non-repeatable levels by time:
     D:6: 1324 daAuts
     D:4: 865 daAuts
     D:2: 722 daAuts
     D:1: 692 daAuts
     D:7: 682 daAuts
     D:5: 675 daAuts
     D:3: 657 daAuts
  Temple: 64 daAuts
